AoeStats
← microwaveLAZAR

Black Forest

506053504Analyzed
4v4 RM · 19d ago on Sep 12, 2026· 45m 40s· 8 players
Game mode
Random Map
Map size
Large (8 player)
Population
200
Speed
Normal
Resources
Standard
Victory
Conquest
Starting age
Dark Age
Ending age
Imperial Age
RankedLock teamsTeams togetherTeam positionsShared explorationLock speedFull tech treeHidden civsTurbo modeCheats
Victory
Defeat
🇲🇽 Romans · Mexico
1130
+11
🇲🇽 Khmer · Mexico
1054
+13
🇦🇷 Tatars · Argentina
1050
+14
🇦🇺 Britons · Australia
1005
+15
🇺🇸 Persians · United States
1126
-18
🇺🇸 Portuguese · United States
993
-13
🇺🇸 Magyars · United States
992
-13
🇺🇸 Goths · United States
888
-9
QuesoRuso
0:46 Loom
12:10 Feudal Age
16:31 Castle Age
16:02 Double-Bit Axe
16:01 Horse Collar
17:44 Heavy Plow
21:56 Bow Saw
29:40 Wheelbarrow
33:51 Imperial Age
31:39 Gold Mining
33:51 Padded Archer Armor
33:42 Fletching
34:00 Heavy Cavalry Archer
34:09 Elite Steppe Lancer
34:50 Husbandry
35:00 Bloodlines
34:11 Light Cavalry
35:10 Leather Archer Armor
34:51 Bodkin Arrow
35:42 Bracer
35:50 Scale Barding Armor
35:58 Forging
36:22 Ring Archer Armor
36:03 Forging
37:16 Chemistry
36:39 Conscription
38:07 Crop Rotation
38:39 Chain Barding Armor
38:55 Iron Casting
38:36 Silk Armor
39:30 Hand Cart
39:01 Town Watch
40:19 Ballistics
40:48 Plate Barding Armor
41:14 Blast Furnace
41:21 Hussar
45:36 Fortified Wall
46:06 Gold Shaft Mining
PGTKing50
0:31 Loom
13:32 Feudal Age
17:28 Castle Age
15:38 Double-Bit Axe
16:29 Horse Collar
18:30 Wheelbarrow
22:40 Heavy Plow
22:53 Bow Saw
25:57 Hand Cart
31:29 Imperial Age
29:44 Gold Mining
30:48 Town Watch
31:41 Ballistics
31:33 Fortified Wall
31:36 Town Patrol
32:21 Gold Shaft Mining
33:03 Crop Rotation
32:57 Ballistas
32:21 Pikeman
33:04 Squires
33:15 Heavy Scorpion
35:27 Chemistry
34:16 Halberdier
35:04 Scale Mail Armor
35:27 Forging
39:14 Iron Casting
38:55 Chain Mail Armor
44:25 Stone Mining
45:37 Blast Furnace
ThiranoMarck
2:07 Loom
13:37 Feudal Age
14:48 Horse Collar
14:56 Double-Bit Axe
17:32 Castle Age
29:14 Imperial Age
27:21 Wheelbarrow
26:35 Town Watch
27:22 Heavy Plow
27:21 Gold Mining
28:41 Bow Saw
29:12 Gold Shaft Mining
28:29 Stone Mining
29:23 Pikeman
31:05 Hand Cart
30:39 Heavy Scorpion
30:44 Halberdier
32:04 Forging
31:54 Scale Mail Armor
32:18 Ballistics
32:25 Conscription
35:30 Fletching
35:49 Siege Engineers
36:45 Bodkin Arrow
37:28 Iron Casting
38:54 Stone Shaft Mining
39:34 Crop Rotation
44:26 Blast Furnace
43:41 Chain Mail Armor
43:37 Double Crossbow
ueatallmapercs
11:33 Feudal Age
15:49 Castle Age
13:54 Double-Bit Axe
14:50 Horse Collar
18:16 Stone Mining
20:52 Bow Saw
24:39 Heavy Plow
26:56 Wheelbarrow
27:20 Gold Mining
32:33 Imperial Age
30:20 Hand Cart
29:51 Town Watch
30:29 Ballistics
30:32 Yeomen
31:17 Gold Shaft Mining
31:14 Fletching
31:25 Padded Archer Armor
31:32 Treadmill Crane
32:18 Bodkin Arrow
32:10 Pikeman
32:51 Squires
33:33 Scale Mail Armor
33:43 Forging
32:58 Halberdier
34:39 Conscription
35:19 Bracer
37:01 Chemistry
36:20 Leather Archer Armor
36:42 Iron Casting
36:22 Chain Mail Armor
38:12 Two-Man Saw
38:04 Elite Longbowman
40:04 Ring Archer Armor
40:35 Blast Furnace
40:05 Plate Mail Armor
40:18 Caravan
44:13 Siege Engineers
44:19 Masonry
44:05 Murder Holes
44:22 Fortified Wall
microwaveLAZAR
4:21 Loom
18:09 Feudal Age
23:28 Castle Age
29:42 Scale Mail Armor
31:48 Pikeman
41:37 Imperial Age
38:51 Elite Skirmisher
41:56 Ballistics
Fragmonkei
0:52 Loom
13:06 Feudal Age
14:36 Wheelbarrow
14:06 Double-Bit Axe
14:39 Horse Collar
19:46 Castle Age
20:58 Bow Saw
22:04 Heavy Plow
24:28 Hand Cart
29:38 Thumb Ring
29:33 Fletching
29:43 Padded Archer Armor
31:26 Ballistics
31:20 Bloodlines
31:10 Husbandry
34:27 Imperial Age
34:36 Imperial Age
32:09 Bodkin Arrow
32:45 Leather Archer Armor
34:46 Capped Ram
38:11 Heavy Cavalry Archer
39:17 Parthian Tactics
39:46 Bracer
40:17 Ring Archer Armor
41:14 Chemistry
43:34 Conscription
44:50 Light Cavalry
45:19 Hussar
Lightbarrier
11:24 Feudal Age
17:30 Castle Age
15:17 Loom
16:55 Double-Bit Axe
16:55 Horse Collar
18:51 Bow Saw
22:15 Heavy Plow
26:30 Wheelbarrow
27:04 Stone Mining
29:02 Stone Shaft Mining
29:15 Hand Cart
29:23 Gold Mining
31:45 Forging
31:36 Scale Mail Armor
33:03 Iron Casting
32:48 Squires
33:15 Anarchy
36:19 Imperial Age
34:11 Chain Mail Armor
36:57 Elite Huskarl
42:33 Perfusion
43:25 Masonry
43:17 Murder Holes
45:05 Blast Furnace
44:49 Architecture
44:47 Pikeman
45:03 Halberdier
Chill_Deep
4:15 Loom
11:03 Feudal Age
12:22 Double-Bit Axe
14:42 Castle Age
12:54 Double-Bit Axe
12:50 Horse Collar
16:02 Bow Saw
19:31 Town Watch
20:34 Wheelbarrow
23:29 Hand Cart
23:40 Gold Mining
28:59 Imperial Age
26:53 Scale Barding Armor
26:59 Forging
28:17 Ballistics
28:08 Masonry
28:19 Chain Barding Armor
30:17 Chemistry
32:12 Plate Barding Armor
31:51 Fletching
33:00 Elite War Elephant
35:00 Iron Casting
34:21 Bodkin Arrow
37:21 Caravan
37:56 Coinage
38:11 Architecture
39:37 Banking
42:42 Blast Furnace
Connection lost

Rejoining the realm…

Still unreachable

The connection could not be restored.

Session expired

The server has moved on; the page needs a fresh start.